 Dungeon Crawl Stone Soup version 0.26-a0-660-gc07710193c (webtiles) character file.

Game seed: 9364328031595928111

3521 miket3c the Cleaver (level 9, 0/79 HPs)
             Began as a Minotaur Berserker on Oct 7, 2020.
             Was an Elder of Trog.
             Slain by an orc
             ... wielding a +0 war axe
              (3 damage)
             ... on level 8 of the Dungeon.
             The game lasted 00:15:43 (7266 turns).

miket3c the Cleaver (Minotaur Berserker)            Turns: 7266, Time: 00:15:43

Health: 0/79       AC: 11    Str: 25    XL:     9   Next: 81%
Magic:  8/8        EV:  9    Int:  4    God:    Trog [****..]
Gold:   422        SH:  0    Dex: 10    Spells: 8/8 levels left

rFire    . . .     SeeInvis .   J - +3 battleaxe
rCold    . . .     Faith    .   (shield currently unavailable)
rNeg     . . .     Spirit   .   q - +0 chain mail
rPois    .         Reflect  .   (helmet restricted)
rElec    .         Harm     .   (no cloak)
rCorr    .         Rampage  .   e - +0 pair of gloves
MR       ++...                  (no boots)
Stlth    ..........             (no amulet)
HPRegen  1.23/turn              (no ring)
MPRegen  0.11/turn              (no ring)

@: berserk cooldown, regenerating, slowed, drained, very slow
A: retaliatory headbutt, horns 2
a: Berserk, Trog's Hand, Brothers in Arms, Renounce Religion


You were on level 8 of the Dungeon.
You worshipped Trog.
Trog was greatly pleased with you.
You visited 1 branch of the dungeon, and saw 8 of its levels.

You collected 422 gold pieces.

Inventory:

Hand Weapons
 a - a +0 hand axe
 w - a +0 broad axe
 C - a +0 spear
 J - a +3 battleaxe (weapon)
Missiles
 g - 238 stones (quivered)
 y - 10 poisoned darts
 H - 6 curare-tipped darts
 L - 4 atropa-tipped darts
Armour
 b - a +0 animal skin
 e - a +0 pair of gloves (worn)
 p - a +0 leather armour
 q - a +0 chain mail (worn)
Jewellery
 t - an uncursed ring of fire {unknown}
 K - an uncursed ring of ice {unknown}
Wands
 s - a wand of polymorph (10)
 A - a wand of flame (16)
Scrolls
 c - 5 scrolls of identify
 d - 4 scrolls of enchant armour
 f - 6 scrolls of remove curse
 h - a scroll of magic mapping {unknown}
 i - a scroll of random uselessness
 k - 3 scrolls of amnesia {unknown}
 l - 2 scrolls of teleportation
 n - 3 scrolls of noise
 r - a scroll of immolation
 E - a scroll of enchant weapon {unknown}
Potions
 j - 2 potions of ambrosia
 m - a potion of might
 o - a potion of magic {unknown}
 u - a potion of mutation {unknown}
 v - a potion of stabbing {unknown}
 z - a potion of resistance {unknown}
 B - a potion of curing {unknown}
 D - a potion of degeneration {unknown}
 F - a potion of invisibility {unknown}
 G - 2 potions of flight {unknown}
 I - 2 potions of lignification {unknown}


   Skills:
 + Level 7.4(6.7) Fighting
 * Level 13.6(12.7) Axes
 + Level 0.1(0.0) Throwing
 + Level 6.9(6.2) Armour
 + Level 3.6(2.9) Dodging


You had 8 spell levels left.
You didn't know any spells.
Your spell library was empty.

Dungeon Overview and Level Annotations

Branches:
Dungeon (8/15)             Temple (0/1) D:6
   Lair: D:8-11

Altars:
Kikubaaqudgha
Makhleb
Qazlal
Sif Muna
Wu Jian
Yredelemnul
The Shining One


Innate Abilities, Weirdness & Mutations

You reflexively headbutt those who attack you in melee.
You have a pair of horns on your head.


Message History

There is a stone staircase leading down, spattered with blood here.
Things that are here:
a +0 glaive; a +0 chain mail
Press: ? - help, Dir - move target cursor
As you read the scroll of blinking, it crumbles to dust.
The orc closely misses you. The orc hits you with a +0 war axe.
* * * LOW HITPOINT WARNING * * *
Your skin crawls.
You feel resistant to hostile enchantments.
The orc hits you but does no damage. The orc closely misses you.
You hit the orc.
The orc is lightly wounded.
The orc hits you but does no damage. x2; The orc hits you with a +0 war axe.
* * * LOW HITPOINT WARNING * * *
The orc closely misses you.
The orc priest calls down the wrath of Beogh upon you.
Beogh smites you!
* * * LOW HITPOINT WARNING * * *
The orc hits you with a +0 war axe.
You die...

####...............+.......#
#..................####....#
#.........##.......####.....
#########..##...........#....
####$#o....#...............+....
#....#oo...#...#..##.......#....
#...o).ooo.#...#.....<.....###..
#..)o# #...#....#......# #..
#.))§# #...@............ ...
#..)o# #..o.....###.###...#.
+....# #.ooo........# ...#.
#...)#######........... #
#....oo.o..oo.##....... ##
#....†####....# ....... #.
##....# #....# .#####. #. #....#
#....# .. .. #....# .....# . ..


You could see an orc priest and 5 orcs.

Vanquished Creatures
  Maggie (D:6)
  A hornet (D:7)
  Sigmund (D:5)
  Menkaure (D:7)
  Duvessa (D:6)
  4 orc warriors (D:8)
  A black bear (D:7)
  A sky beast (D:6)
  A necrophage (D:6)
  3 ogres
  A centaur (D:7)
  A big kobold (D:7)
  A gnoll sergeant (D:6)
  5 bullfrogs
  A wyvern zombie (D:7)
  Dowan (D:6)
  A water moccasin zombie (D:7)
  5 wights (D:7)
  2 howler monkeys
  A centaur zombie (D:6)
  2 bullfrog zombies
  A quasit (D:6)
  6 hounds
  A jelly (D:8)
  An orc priest (D:6)
  An iguana (D:6)
  5 worker ants
  A hound skeleton (D:4)
  A worker ant zombie (D:7)
  9 gnolls
  6 adders
  2 white imps
  An ufetubus (D:5)
  2 adder zombies
  4 worms
  6 leopard geckos
  19 orcs
  8 bats
  4 giant cockroaches
  2 hobgoblins
  8 jackals
  12 kobolds
  A quokka (D:4)
  4 ball pythons
  2 frilled lizards (D:3)
  9 goblins
  2 leopard gecko skeletons
  A leopard gecko zombie (D:8)
  3 rats
158 creatures vanquished.

Notes
Turn   | Place    | Note
-------+----------+-------------------------------------------
     0 | D:1      | miket3c the Minotaur Berserker began the quest for the Orb.
     0 | D:1      | Reached XP level 1. HP: 19/19 MP: 0/0
   393 | D:1      | Reached skill level 4 in Axes
   576 | D:1      | Reached XP level 2. HP: 27/27 MP: 1/1
  1643 | D:2      | Reached XP level 3. HP: 28/33 MP: 2/2
  2202 | D:3      | Found a faded altar of an unknown god.
  2209 | D:3      | Reached skill level 5 in Axes
  2382 | D:3      | Reached ** piety under Trog
  2787 | D:4      | Reached XP level 4. HP: 40/40 MP: 3/3
  2826 | D:4      | Reached skill level 6 in Axes
  3082 | D:4      | Reached XP level 5. HP: 46/46 MP: 4/4
  3105 | D:4      | Found an ornate altar of the Wu Jian Council.
  3128 | D:4      | Noticed an ogre
  3133 | D:4      | Killed an ogre
  3133 | D:4      | Reached skill level 7 in Axes
  3133 | D:4      | Reached XP level 6. HP: 40/53 MP: 5/5
  3309 | D:4      | Found a shimmering blue altar of Sif Muna.
  3370 | D:4      | Found a sand-covered staircase.
  3552 | D:5      | Entered Level 5 of the Dungeon
  3616 | D:5      | Noticed Sigmund
  3626 | D:5      | Killed Sigmund
  3626 | D:5      | Reached skill level 8 in Axes
  3706 | D:5      | Found an ancient bone altar of Kikubaaqudgha.
  3869 | D:5      | Reached XP level 7. HP: 56/60 MP: 6/6
  3908 | D:5      | Found a basalt altar of Yredelemnul.
  3980 | D:5      | Found a stormy altar of Qazlal.
  4186 | D:5      | Reached skill level 5 in Fighting
  4334 | D:5      | Found a burning altar of Makhleb.
  4448 | D:5      | Reached *** piety under Trog
  4927 | D:6      | Reached skill level 9 in Axes
  5001 | D:6      | Noticed Dowan
  5013 | D:6      | Noticed Duvessa
  5017 | D:6      | Reached XP level 8. HP: 69/70 MP: 7/7
  5022 | D:6      | Reached skill level 10 in Axes
  5024 | D:6      | Killed Duvessa
  5029 | D:6      | Killed Dowan
  5251 | D:6      | Noticed Maggie
  5276 | D:6      | Killed Maggie
  5276 | D:6      | Reached skill level 11 in Axes
  5276 | D:6      | Reached skill level 5 in Armour
  5386 | D:6      | Found a staircase to the Ecumenical Temple.
  5506 | D:6      | Found a glowing golden altar of the Shining One.
  5843 | D:7      | Noticed Menkaure
  5852 | D:7      | Killed Menkaure
  5852 | D:7      | Reached XP level 9. HP: 78/78 MP: 8/8
  6006 | D:7      | Reached skill level 12 in Axes
  6037 | D:7      | Reached **** piety under Trog
  6440 | D:7      | Paralysed by a hornet for 2 turns
  6445 | D:7      | Paralysed by a hornet for 1 turns
  6912 | D:7      | Reached skill level 13 in Axes
  7266 | D:8      | HP: 3/79 [orc priest/divine providence (9)]
  7266 | D:8      | Slain by an orc

Illustrated notes

Levels and vault maps discovered:
D:1:      dpeg_arrival_windows_large_door, layout_basic, minivault_26,
          chequers_avenue, st_stairs_1, minmay_parallelograms
D:2:      layout_loops_cross, chequers_serial_rivers_micro_b
D:3:      layout_basic, chequers_ecumenical_altar_island
D:4:      layout_cave_pools, grunt_temple_overflow_open, enter_ossuary_2,
          amethyst_killhole, minmay_misc_feat_square, minmay_distorted
D:5:      layout_loops_corners, yredelemnul_altar_generic, marbit_many_paths,
          kennysheep_mini, makhleb_blood_cavern_becter, uniq_sigmund
D:6:      layout_basic, tso_oasis_becter, minmay_temple_entry_glass,
          uniq_duvessa, uniq_maggie
D:7:      layout_loops_cross, uniq_menkaure
D:8:      layout_basic, special_room [special_room_orc],
          ebering_ghost_inner_flame, uniq_psyche

Skill      XL: |  1  2  3  4  5  6  7  8  9 |
---------------+----------------------------+-----
Axes           | 4 5 6 7 8 9 11 13 | 13.6
Fighting       | 4 5 6 7 |  7.4
Armour         | 3 4 5 6 |  6.9
Dodging        | 3 |  3.6
Throwing       | |  0.1

Action                   |  1- 3 |  4- 6 |  7- 9 || total
-------------------------+-------+-------+-------++-------
Melee: Hand axe          |    95 |       |       ||    95
       Headbutt          |    11 |    12 |    39 ||    62
       Broad axe         |       |    54 |   193 ||   247
       Battleaxe         |       |       |    64 ||    64
Throw: Stone             |       |     3 |     3 ||     6
Invok: Berserk           |       |     1 |     3 ||     4
       Trog's Hand       |       |       |     1 ||     1
  Use: Scroll            |       |       |     8 ||     8
       Potion            |       |       |     4 ||     4
Armor: Animal skin       |    13 |       |       ||    13
       Chain mail        |    17 |    22 |   135 ||   174
       Leather armour    |     1 |       |       ||     1
Dodge: Dodged            |    55 |    27 |   131 ||   213

Table legend: (Time is in decaauts)
 A = Elapsed time spent in this place.
 B = Non-inter-level travel time spent in this place.
 C = Inter-level travel time spent in this place.
 D = Time resting spent in this place.
 E = Time spent auto-exploring this place.
 F = Levels seen in this place.
 G = Mean time per level.
                   A        B        C        D        E       F      G
               +--------+--------+--------+--------+--------+-----+--------+
         Total |   7350 |   7111 |    239 |   1734 |   4307 |   8 |  918.8 |
       Dungeon |   7350 |   7111 |    239 |   1734 |   4307 |   8 |  918.8 |
               +--------+--------+--------+--------+--------+-----+--------+

Top non-repeatable levels by time:
     D:5: 1391 daAuts
     D:7: 1369 daAuts
     D:1: 1196 daAuts
     D:2: 1002 daAuts
     D:6: 836 daAuts
     D:4: 777 daAuts
     D:3: 592 daAuts
     D:8: 184 daAuts
